 Dungeon Crawl Stone Soup version 0.19-a0-1511-g16f215b (webtiles) character file.

19 Duffy the Grave Robber (level 2, 19/19 HPs)
             Began as a Formicid Necromancer on Sept 11, 2016.
             Quit the game on level 1 of the Dungeon.
             The game lasted 00:01:11 (962 turns).

Duffy the Grave Robber (Formicid Necromancer)        Turns: 962, Time: 00:01:11

Health: 19/19      AC:  3    Str: 12    XL:     2   Next: 95%
Magic:  5/5        EV: 11    Int: 14    God:
Gold:   35         SH:  0    Dex: 11    Spells: 1 memorised, 4 levels left

rFire  . . .     SeeInvis +     i - -2 dagger (curse)
rCold  . . .     Gourm    +     f - +0 leather armour
rNeg   . . .     Faith    .     (no shield)
rPois  .         Spirit   .     (helmet unavailable)
rElec  .         Dismiss  .     (no cloak)
rCorr  .         Reflect  .     (no gloves)
MR     .....     Harm     .     (no boots)
Stlth  ++........               e - amulet of the gourmand
                                (no ring)
                                (no ring)

@: no status effects
A: permanent stasis, dig shafts and tunnels, four strong arms, antennae 3
a: Dig, Shaft Self


You were on level 1 of the Dungeon.
You were not hungry.

You visited 1 branch of the dungeon, and saw 1 of its levels.

You collected 35 gold pieces.

Inventory:

Hand Weapons
 i - a cursed -2 dagger (weapon)
Armour
 a - a +0 robe
 f - a +0 leather armour (worn)
Jewellery
 e - an amulet of the gourmand (around neck)
Scrolls
 d - a scroll of teleportation {unknown}
 h - a scroll of magic mapping {unknown}
 j - a scroll of amnesia {unknown}
 k - a scroll of blinking {unknown}
 l - a scroll of identify {unknown}
 n - a scroll of remove curse {unknown}
Potions
 g - a potion of haste {unknown}
 m - a potion of flight {unknown}
Books
 b - a book of Necromancy

   Spells                             Type                      Level
   a - Pain                           Necromancy                   1
   b - Animate Skeleton               Necromancy                   1
   c - Vampiric Draining              Necromancy                   3
   d - Regeneration                   Charms/Necromancy            3
   e - Animate Dead                   Necromancy                   4
   f - Control Undead                 Necromancy                   4
Comestibles
 c - a bread ration


   Skills:
 - Level 1.7 Dodging
 - Level 2.4 Stealth
 + Level 2.2 Spellcasting
 + Level 4.7 Necromancy


You had 4 spell levels left.
You knew the following spells:

 Your Spells              Type           Power        Failure   Level  Hunger
a - Pain                  Necr           ##..         6%          1    #......


Dungeon Overview and Level Annotations

Branches:
Dungeon (1/15)

Altars:


Innate Abilities, Weirdness & Mutations

You are under a permanent stasis effect.
You can dig through walls and to a lower floor.
Your four strong arms can wield two-handed weapons with a shield.
You have a pair of large antennae on your head. (SInv)


Message History

Confirm with . or Enter, or press ? or * to list all spells.
Aiming: Pain
Press: ? - help, Shift-Dir - straight line, f - kobold
Aim: a kobold (chance to defeat MR: 92%)
The kobold writhes in agony!
You kill the kobold!
Casting: Pain
Confirm with . or Enter, or press ? or * to list all spells.
You can't see any susceptible monsters within range! (Use Z to cast anyway.)
Casting: Pain
Confirm with . or Enter, or press ? or * to list all spells.
You can't see any susceptible monsters within range! (Use Z to cast anyway.)
m - a purple potion
n - a scroll labeled MOICILLISUAR
Found a stone staircase leading down.
There is an open door here.
A hobgoblin comes into view.
The hobgoblin shouts!
A hobgoblin is nearby!
Are you sure you want to abandon this character and quit the game? (Confirm with "yes".)

........7.#....................#.
...#P.777P#####..................
.......7... ##................##
...77.7PP... #.................##
.P..777P.... #...................
..7.77.......#...#.........#.....
......P#.....#...#.......#.##....
.......#.....#...#.......#.......
...........g....@'.......#.#...##
...#...##....#...#.......#.....#.
...###.......#...#........#....#.
...#......................#....#.
...#......................#....#.
.[...............................
..##...................#####.#.#.
.................................
#............##.............#..##


You could see a hobgoblin.

Vanquished Creatures
  An ooze (D:1)
  3 giant geckos (D:1)
  3 bats (D:1)
  A goblin (D:1)
  2 hobgoblins (D:1)
  2 kobolds (D:1)
12 creatures vanquished.

Notes
Turn   | Place    | Note
-------+----------+-------------------------------------------
     0 | D:1      | Duffy the Formicid Necromancer began the quest for the Orb.
     0 | D:1      | Reached XP level 1. HP: 13/13 MP: 3/3
   297 | D:1      | Reached XP level 2. HP: 18/19 MP: 1/5
   962 | D:1      | Quit the game

Vault maps used:
D:1:      lemuel_arrival_lava_pool, serial_forest, infiniplex_forest_zigzag_2,
          infiniplex_forest_lined_4_way, infiniplex_forest_split,
          infiniplex_forest_lined_room_3, infiniplex_forest_clump_curved,
          infiniplex_forest_lined_2, infiniplex_forest_lined_corner,
          infiniplex_forest_straight_5, infiniplex_forest_lined_room_2,
          infiniplex_forest_lined_corner

Action                   || total
-------------------------++-------
 Cast: Pain              ||    24
Armor: Leather armour    ||     4
Dodge: Dodged            ||     5
